 Dungeon Crawl Stone Soup version 0.27.0-1-g7a089689b8 (webtiles) character file.

Game seed: 503656914609618674

7244 mimimomo the Nimble (level 10, -21/58 HPs)
             Began as a Deep Elf Conjurer on Aug 4, 2021.
             Was an Elder of Lugonu.
             Demolished by a war gargoyle (23 damage)
             ... on level 10 of the Dungeon.
             The game lasted 00:24:44 (12709 turns).

mimimomo the Nimble (Deep Elf Conjurer)            Turns: 12709, Time: 00:24:44

Health: -21/58     AC: 10    Str:  6    XL:     10   Next: 88%
Magic:  14/20      EV: 13    Int: 25    God:    Lugonu [****..]
Gold:   385        SH:  0    Dex: 16    Spells: 9/19 levels left

rFire    + + .     SeeInvis .   F - +6 short sword of Wisdom {venom, rElec rPois rF++ rC-}
rCold    x . .     Faith    .   (no shield)
rNeg     . . .     Spirit   .   G - +3 ring mail of Honour {Regen+ Dex+3}
rPois    +         Reflect  .   q - +0 helmet
rElec    +         Harm     .   (no cloak)
rCorr    .         Rampage  .   w - +0 pair of gloves
Will     +....                  (no boots)
Stlth    +++.......             (no amulet)
HPRegen  1.19/turn              h - +4 ring of slaying
MPRegen  0.17/turn              (no ring)

@: no status effects
A: no striking features
a: Renounce Religion, Depart the Abyss, Bend Space, Banish, Corrupt


You were on level 10 of the Dungeon.
You worshipped Lugonu.
Lugonu was greatly pleased with you.
You visited 1 branch of the dungeon, and saw 10 of its levels.

You collected 553 gold pieces.
You spent 168 gold pieces at shops.

Inventory:

Hand Weapons
 c - a +0 mace
 d - a +0 war axe
 f - a +4 dagger
 t - a +2 dagger of speed
 x - the +9 dagger "Kuepecio" {antimagic, rN+}
   (You bought it in a shop on level 3 of the Dungeon)

   It reduces the magical energy of the wielder, and disrupts the spells and
   magical abilities of those it strikes.
   Natural abilities and divine invocations are not affected.
   rN:        It protects you from negative energy.
 B - a +5 flail
 C - the +8 rapier "Venuk" {flame, Int+4}
   (You found it on level 9 of the Dungeon)

   It burns those it strikes, dealing additional fire damage.
   Int:       It affects your intelligence (+4).
 F - the +6 short sword of Wisdom (weapon) {venom, rElec rPois rF++ rC-}
   (You took it off a centaur on level 10 of the Dungeon)

   It poisons the flesh of those it strikes.
   rF:        It greatly protects you from fire.
   rC:        It makes you vulnerable to cold.
   rElec:     It insulates you from electricity.
   rPois:     It protects you from poison.
Missiles
 n - a throwing net
 y - 2 curare-tipped darts
Armour
 a - a +1 robe
 q - a +0 helmet (worn)
 s - the +5 chain mail "Zakam" {Str+6}
   (You found it on level 5 of the Dungeon)

   Str:       It affects your strength (+6).
 w - a +0 pair of gloves (worn)
 D - a +0 kite shield
 G - the +3 ring mail of Honour (worn) {Regen+ Dex+3}
   (You found it on level 10 of the Dungeon)

   Dex:       It affects your dexterity (+3).
   Regen:     It increases your rate of health regeneration.
Jewellery
 h - a +4 ring of slaying (left hand)
Wands
 r - a wand of acid (2)
Scrolls
 b - 5 scrolls of teleportation
 e - a scroll of immolation
 j - 3 scrolls of identify
 l - 5 scrolls of enchant armour
 E - a scroll of fog {unknown}
Potions
 g - 3 potions of magic
 i - 2 potions of invisibility
 k - a potion of might {unknown}
 m - a potion of berserk rage {unknown}
 o - 2 potions of curing
 p - a potion of heal wounds {unknown}
 u - 2 potions of ambrosia {unknown}
 v - 2 potions of flight
 z - a potion of cancellation {unknown}
 A - a potion of mutation {unknown}


   Skills:
 + Level 4.7 Fighting
 * Level 4.6 Short Blades
 - Level 1.0(1.2) Axes
 - Level 0.7(1.0) Maces & Flails
 * Level 1.0 Armour
 * Level 10.1 Dodging
 - Level 7.1 Stealth
 - Level 5.4 Spellcasting
 - Level 8.6 Conjurations
 + Level 1.5 Hexes
 + Level 5.3 Translocations
 - Level 6.5 Invocations
 + Level 0.2 Evocations


You had 9 spell levels left.
You knew the following spells:

 Your Spells              Type           Power      Damage    Failure   Level
a - Magic Dart            Conj           100%       1d8       1%          1
b - Searing Ray           Conj           98%        3d7       1%          2
c - Dazzling Flash        Conj/Hex       64%        N/A       12%         3
d - Iskenderun's Mystic   Conj/Tloc      41%        2d9       17%         4

Your spell library contained the following spells:

 Spells                   Type           Power      Damage    Failure   Level
 Animate Skeleton         Necr           12%        N/A       30%         1
 Pain                     Necr           24%        1d5       30%         1
 Fulminant Prism          Conj/Hex       16%        3d11      36%         4
 Passwall                 Tmut/Erth      5%         N/A       43%         2
 Swiftness                Air            6%         N/A       67%         3
 Vampiric Draining        Necr           3%         2d6       67%         3
 Silence                  Hex/Air        5%         N/A       99%         5
 Agony                    Necr           6%         N/A       100%        5
 Invisibility             Hex            7%         N/A       100%        6
 Chain Lightning          Conj/Air       14%        3d18      100%        9
 Fire Storm               Conj/Fire      14%        8d4       100%        9


Dungeon Overview and Level Annotations

Branches:
Dungeon (10/15)            Temple (0/1) D:4             Orc (0/2) D:9
   Lair: D:8-11

Altars:
Ashenzari
Gozag
Makhleb
Nemelex Xobeh
Okawaru
Ru
Wu Jian
Yredelemnul
The Shining One
Lugonu

Shops:
D:3 (   D:8 *

Annotations:
D:7 3 runed translucent doors, ZombieSheep's ghost, novice FoAK
D:10 3 runed translucent doors, Thraspic's ghost, journeyman GnWn
Abyss:1 Pikel


Message History

You start resting.
There are monsters nearby!
The magic dart hits the kobold brigand.
The kobold brigand is heavily wounded.
Casting: Magic Dart (safe; 1% risk of failure)
Confirm with . or Enter, or press ? or * to list all spells.
Aiming: Searing Ray (safe; 1% risk of failure)
Press: ? - help, Shift-Dir - straight line, f/p - kobold brigand
Aim: a kobold brigand, wielding a +0 dagger and quivering curare-tipped darts (heavily wounded, 79% to hit)
Okay, then.
The kobold brigand throws a curare-tipped dart.
The curare-tipped dart barely misses you.
The kobold brigand throws a curare-tipped dart.
The curare-tipped dart misses you.
Casting: Searing Ray (safe; 1% risk of failure)
Confirm with . or Enter, or press ? or * to list all spells.
Okay, then.
The war gargoyle launches metal splinters at you.
The spray of metal splinters hits you!!
Ouch! That really hurt!
Casting: Searing Ray (safe; 1% risk of failure)
Confirm with . or Enter, or press ? or * to list all spells.
Aiming: Searing Ray (safe; 1% risk of failure)
Press: ? - help, Shift-Dir - straight line, f - war gargoyle
Aim: a war gargoyle, wielding a +0 flail (catching its breath, 96% to hit)
The searing ray hits the war gargoyle but does no damage. (Press . to maintain the ray.)
The searing ray hits the war gargoyle.
The war gargoyle is lightly damaged.
The searing ray misses the war gargoyle.
The war gargoyle closely misses you.
The searing ray hits the war gargoyle but does no damage.
The war gargoyle is lightly damaged.
You finish channeling your searing ray.
The war gargoyle launches metal splinters at you.
The spray of metal splinters hits you!!
Ouch! That really hurt!
* * * LOW HITPOINT WARNING * * *
The war gargoyle hits you with a +0 flail!!
You die...

########### #.........#
####### #####.........#
#.....###K..9@........#
.###..<(.....###.........#
.........##### #.........#
###.....# #..>......#
#.....# #####)#####
#.....# #.# #.....# #.#
####9## #.# #K. #.##


You could see a war gargoyle (catching breath) and a kobold brigand.

Vanquished Creatures
  A two-headed ogre (D:9)
  A manticore (D:10)
  A kobold demonologist (D:10)
  A troll (D:9)
  Prince Ribbit (D:6)
  A wraith (D:10)
  2 wyverns
  8 yaks
  A shadow (D:10)
  Eustachio (D:5)
  An ice beast (D:7)
  4 orc warriors (D:10)
  5 ogres
  2 phantoms
  4 centaurs
  2 lemures (D:5)
  3 kobold brigands
  2 bullfrogs
  A gnoll sergeant (D:6)
  2 scorpions (D:6)
  A water moccasin skeleton (D:3)
  4 killer bees (D:9)
  5 wights (D:9)
  A howler monkey (D:4)
  3 centaur zombies
  2 jellies
  4 orc priests
  2 hounds
  A bullfrog skeleton (D:4)
  3 iguanas (D:5)
  An orc wizard (D:5)
  7 gnolls
  4 adders
  A white imp (D:6)
  An ufetubus (D:7)
  An adder skeleton (D:5)
  2 worms (D:2)
  A dart slug (D:3)
  34 orcs
  3 bats
  5 endoplasms
  6 goblins
  5 hobgoblins
  4 jackals
  19 kobolds
  2 quokkas
  6 ball pythons
  4 frilled lizards
  A quokka skeleton (D:4)
  2 rats (D:2)
179 creatures vanquished.

Notes
Turn   | Place    | Note
-------+----------+-------------------------------------------
     0 | D:1      | mimimomo the Deep Elf Conjurer began the quest for the Orb.
     0 | D:1      | Reached XP level 1. HP: 10/10 MP: 6/6
   508 | D:1      | Reached XP level 2. HP: 15/15 MP: 5/8
   747 | D:1      | Found a faded altar of an unknown god.
   751 | D:1      | Became a worshipper of Lugonu the Unformed
   751 | D:1      | Reached * piety under Lugonu
   751 | D:1      | Reached ** piety under Lugonu
  1004 | D:2      | Learned a level 2 spell: Searing Ray
  1587 | D:2      | Reached skill level 1 in Invocations
  1593 | D:2      | Reached XP level 3. HP: 19/19 MP: 2/9
  2342 | D:3      | Reached skill level 3 in Dodging
  2345 | D:3      | Reached XP level 4. HP: 24/24 MP: 6/10
  2680 | D:3      | Found Niosil's Antique Weapon Emporium.
  2774 | D:3      | Reached skill level 1 in Fighting
  2972 | D:4      | Reached XP level 5. HP: 29/29 MP: 3/11
  3068 | D:4      | Reached *** piety under Lugonu
  3307 | D:4      | Found a staircase to the Ecumenical Temple.
  3372 | D:4      | Found an iron altar of Okawaru.
  3395 | D:4      | Reached skill level 4 in Dodging
  3613 | D:5      | Entered Level 5 of the Dungeon
  3613 | D:5      | Noticed an ogre
  3613 | D:5      | Noticed a phantom
  3741 | D:5      | Reached XP level 6. HP: 35/35 MP: 6/12
  4539 | D:5      | Reached skill level 1 in Axes
  4539 | D:5      | Reached XP level 7. HP: 40/40 MP: 5/13
  4649 | D:5      | Reached skill level 5 in Dodging
  4649 | D:5      | Reached skill level 5 in Stealth
  4739 | D:5      | Noticed Pikel
  4840 | D:5      | Banished Pikel
  4841 | D:5      | Reached skill level 6 in Dodging
  4841 | D:5      | Reached skill level 5 in Invocations
  4841 | D:5      | Reached XP level 8. HP: 42/46 MP: 7/14
  5062 | D:5      | Identified the +5 chain mail "Zakam" {Str+6}
  5371 | D:5      | Noticed Eustachio
  5377 | D:5      | Killed Eustachio
  5987 | D:6      | Reached skill level 1 in Short Blades
  6030 | D:6      | Found a broken altar of Ashenzari.
  6376 | D:6      | Reached skill level 7 in Dodging
  6520 | D:6      | Noticed Prince Ribbit
  6539 | D:6      | Killed Prince Ribbit
  6540 | D:6      | Reached XP level 9. HP: 24/52 MP: 4/15
  7168 | D:3      | Bought an ancient dagger for 168 gold pieces
  7168 | D:3      | Identified the +9 dagger "Kuepecio" {antimagic, rN+} (You
                  | bought it in a shop on level 3 of the Dungeon)
  7437 | D:7      | Found a runed translucent gate.
  7437 | D:7      | Found a runed translucent gate.
  7437 | D:7      | Found a runed translucent gate.
  7438 | D:7      | Noticed ZombieSheep's ghost (novice FoAK)
  7458 | D:6      | Reached skill level 5 in Conjurations
  7524 | D:6      | Learned a level 3 spell: Dazzling Flash
  7848 | D:6      | Learned a level 4 spell: Iskenderun's Mystic Blast
  8302 | D:7      | Reached skill level 1 in Translocations
  8343 | D:7      | HP: 1/52 [something (6)]
  9516 | D:8      | Found a burning altar of Makhleb.
  9661 | D:8      | Found an opulent altar of Gozag.
  9665 | D:8      | Found Gozag's Platinum Reserve.
  9742 | D:8      | Noticed a death yak
  9742 | D:8      | Noticed a death yak
  9788 | D:9      | Reached skill level 8 in Dodging
 10074 | D:9      | Reached skill level 5 in Spellcasting
 10166 | D:9      | Noticed a two-headed ogre
 10173 | D:9      | Killed a two-headed ogre
 10174 | D:9      | Reached XP level 10. HP: 23/57 MP: 5/20
 10644 | D:9      | Reached skill level 9 in Dodging
 10644 | D:9      | Reached **** piety under Lugonu
 10949 | D:9      | Identified the +8 rapier "Venuk" {flame, Int+4}
 11102 | D:9      | Found a sacrificial altar of Ru.
 11108 | D:9      | Found a staircase to the Orcish Mines.
 11128 | D:9      | Reached skill level 1 in Hexes
 11631 | D:9      | Found a sparkling altar of Nemelex Xobeh.
 11632 | D:9      | Found an ornate altar of the Wu Jian Council.
 11634 | D:9      | Found a basalt altar of Yredelemnul.
 11636 | D:9      | Found a glowing golden altar of the Shining One.
 11648 | D:10     | Entered Level 10 of the Dungeon
 11681 | D:10     | Reached skill level 5 in Translocations
 11733 | D:10     | Noticed Thraspic's ghost (journeyman GnWn)
 11733 | D:10     | Noticed a two-headed ogre
 11742 | D:10     | Found a runed translucent gate.
 11742 | D:10     | Found a runed translucent gate.
 11742 | D:10     | Found a runed translucent gate.
 12124 | D:10     | Identified the +6 short sword of Wisdom {venom, rElec rPois
                  | rF++ rC-}
 12129 | D:10     | HP: 2/58 [poisoned by a centaur]
 12444 | D:10     | Identified the +3 ring mail of Honour {Regen+ Dex+3}
 12492 | D:10     | Noticed a manticore
 12496 | D:10     | Noticed an orange demon
 12507 | D:10     | Killed a manticore
 12508 | D:10     | Reached skill level 1 in Armour
 12508 | D:10     | Reached skill level 10 in Dodging
 12690 | D:10     | Noticed a war gargoyle
 12709 | D:10     | HP: 2/58 [war gargoyle/spray of metal splinters (29)]
 12709 | D:10     | Demolished by a war gargoyle

Illustrated notes

Levels and vault maps discovered:
D:1:      matt_arrival_grand_opening, layout_loops_ring,
          shapermc_ecumenical_altar_mp_vishouse, minmay_crystal_room
D:2:      layout_basic
D:3:      layout_rooms, serial_shops, nicolae_shop_stone,
          roderic_nine_men_s_morris
D:4:      layout_basic, mainiacjoe_overflow_catwalk, temple_pool_b
D:5:      layout_layer_cave, nicolae_overflow_hidden_temple, uniq_eustachio,
          uniq_pikel
D:6:      layout_basic, ashenzari_conservatory_becter, uniq_prince_ribbit1
D:7:      layout_basic, ebering_ghost_rock_garden, solitary_fountain
D:8:      layout_basic, mainiacjoe_overflow_six_doors_small,
          general_overflow_altar, nicolae_gozag_zags_fifth_avenue,
          dpeg_lair_monsters, nicolae_shop_firing_range
D:9:      layout_roguey, minitemple, nicolae_ru_awakened_eye
D:10:     layout_roguey [special_room_orc], nicolae_trove_entry_columns,
          gammafunk_ghost_split, kennysheep_just_a_vault

Skill      XL: |  1  2  3  4  5  6  7  8  9 10 |
---------------+-------------------------------+-----
Invocations    | 1 2 3 5 6 |  6.5
Stealth        | 3 4 6 7 |  7.1
Dodging        | 3 4 6 7 8 10 | 10.1
Fighting       | 1 2 3 4 |  4.7
Axes           | 1 |  1.0
Short Blades   | 1 2 4 |  4.6
Conjurations   | 7 8 |  8.6
Spellcasting   | 5 |  5.4
Translocations | 4 5 |  5.3
Hexes          | 1 |  1.5
Armour         | 1 |  1.0
Maces & Flails | |  0.7
Evocations     | |  0.2

Action                   |  1- 3 |  4- 6 |  7- 9 | 10-12 || total
-------------------------+-------+-------+-------+-------++-------
Melee: Mace              |     2 |       |       |       ||     2
       War axe           |     2 |       |       |       ||     2
       Dagger            |       |    10 |    17 |       ||    27
       Flail             |       |       |     2 |       ||     2
       Rapier            |       |       |       |    31 ||    31
       Short sword       |       |       |       |     2 ||     2
 Cast: Magic Dart        |    66 |    56 |   124 |    32 ||   278
       Searing Ray       |     2 |    10 |    34 |    15 ||    61
       Dazzling Flash    |       |       |     1 |     3 ||     4
       Iskenderun's Myst |       |       |       |     6 ||     6
Invok: Banish            |       |     1 |     3 |       ||     4
Evoke: Wand              |       |       |     1 |     1 ||     2
  Use: Scroll            |       |     6 |     5 |     1 ||    12
       Potion            |       |       |     4 |     2 ||     6
 Stab: Invisible         |       |       |       |     2 ||     2
Armor: Robe              |     2 |     4 |    12 |     8 ||    26
       Ring mail         |       |       |       |     4 ||     4
Dodge: Dodged            |     3 |    14 |    56 |    44 ||   117
